Map: Shrines of Lizul

Players

OpuS

  • Race: Protoss Protoss
  • League: Platinum
  • Spawn Location: 12:00

Sketchaphone

  • Race: Zerg Zerg
  • League: Platinum
  • Spawn Location: 3:00

Ferment - Winner!

  • Race: Protoss Protoss
  • Spawn Location: 9:00

DirkDiggler - Winner!

  • Race: Protoss Protoss
  • League: Gold
  • Spawn Location: 6:00

VOD

Have the link to the VOD?

Description

Time

  • Played on: Feb. 25, 2019, 8:20 p.m.
  • Length: 10:44
Show
View Real Time Build Order
Export as new Build Order

OpuS Protoss 

Build Orders:  

Get SALT Encoding   

  12  0:01  Probe  
  13  0:13  Probe  
  14  0:19  Pylon  
  14  0:25  Probe  
  15  0:38  Gateway  
  15  0:44  Probe  
  16  0:52  Forge  
  16  1:10  Assimilator  
  16  1:12  Assimilator  
  16  1:13  Probe  
  17  1:25  Pylon, Probe  
  18  1:33  Zealot  
  18  1:38  Probe  
  21  1:50  Probe  
  21  1:58  Cybernetics Core  
  21  2:12  Probe  
  24  2:15  Zealot  
  22  2:30  Probe  
  22  2:35  Photon Cannon  
  23  2:40  Robotics Facility  
  23  2:42  Pylon  
  23  2:44  Probe  
  24  2:57  Warp Gate  
  24  3:00  Stalker  
  24  3:03  Shield Battery  
  26  3:17  Immortal  
  26  3:33  Gateway  
  30  3:38  Sentry  
  32  3:50  Gateway  
  32  3:51  Probe  
  33  4:07  Probe  
  33  4:09  Gateway  
  34  4:12  Pylon  
  34  4:16  Observer  
  35  4:32  Stargate  
  35  4:49  Immortal  
  37  5:00  Zealot  
  37  5:01  Zealot  
  37  5:02  Zealot  
  38  5:13  Oracle  
  41  5:22  Pylon  
  41  5:24  Stalker  
  43  5:32  Stalker  
  41  6:18  Stalker  
  26  6:36  Nexus  
  26  6:43  Pylon  
  26  6:45  Twilight Council  
  26  6:47  Pylon  
  26  6:54  Stalker  
  32  7:02  Stalker  
  22  7:37  Pylon  
  22  7:40  Pylon  
  22  7:46  Nexus  
  22  7:49  Pylon  
  22  7:58  Stalker  
  22  7:59  Stalker  
  22  9:04  Probe  
  19  9:35  Stargate  
  19  9:46  Stargate  
  19  9:49  Assimilator  
  19  9:54  Assimilator  
  19  10:00  Probe  
  20  10:17  Probe  
  21  10:25  Probe  
  24  10:35  Pylon  
Show
View Real Time Build Order
Export as new Build Order

Sketchaphone Zerg 

Build Orders: Pool First 

Get SALT Encoding   

  12  0:01  Drone  
  13  0:08  Drone  
  14  0:26  Spawning Pool  
  13  0:31  Drone  
  13  0:34  Extractor  
  13  0:41  Overlord  
  13  0:55  Drone  
  14  0:59  Drone  
  14  1:00  Drone  
  16  1:07  Drone  
  17  1:18  Drone  
  18  1:30  Zergling x2  
  19  1:53  Hatchery  
  18  1:54  Spine Crawler  
  17  2:14  Zergling x6  
  20  2:15  Metabolic Boost  
  19  2:38  Drone x2  
  19  2:40  Roach Warren  
  20  2:58  Overlord  
  20  3:16  Hatchery  
  19  3:27  Roach x3  
  19  3:31  Drone  
  26  3:45  Drone  
  26  3:47  Queen  
  27  4:01  Spore Crawler  
  26  4:05  Drone x4  
  29  4:28  Roach x3  
  29  4:29  Overlord  
  28  5:04  Zergling x4  
  28  5:07  Queen  
  30  5:10  Lair  
  30  5:13  Extractor  
  31  5:34  Hatchery  
  30  5:37  Roach x3  
  30  5:42  Overlord  
  33  6:11  Zergling x16  
  37  6:30  Hydralisk Den  
  36  6:37  Overlord  
  36  6:39  Overlord  
  31  6:57  Overlord  
  31  6:58  Hydralisk  
  31  7:00  Hydralisk  
  35  7:08  Drone  
  36  7:16  Hydralisk  
  38  7:35  Hydralisk x2  
  42  7:39  Drone x2  
  40  7:51  Hydralisk  
  40  7:57  Hydralisk  
  41  8:03  Hydralisk  
  28  8:09  Spore Crawler  
  21  8:31  Spore Crawler  
  19  8:43  Spore Crawler  
  18  8:50  Hydralisk  
  20  8:58  Overlord  
  20  9:13  Drone x3  
  23  9:18  Extractor  
  23  9:20  Drone  
  23  9:21  Drone  
  24  9:27  Hydralisk  
  26  9:43  Roach  
  26  9:45  Extractor  
  27  9:46  Drone  
  28  9:58  Overlord  
  28  10:11  Hydralisk  
Show
View Real Time Build Order
Export as new Build Order

Ferment Protoss - Winner!

Build Orders:  

Get SALT Encoding   

  1  0:00  Probe  
  12  0:06  Probe  
  14  0:15  Probe  
  15  0:26  Pylon  
  15  0:42  Pylon  
  15  0:44  Probe  
  16  0:51  Forge  
  16  0:59  Probe  
  17  1:12  Probe  
  17  1:13  Pylon  
  18  1:24  Pylon, Probe  
  19  1:35  Photon Cannon  
  19  1:39  Probe  
  20  1:45  Gateway  
  20  1:52  Probe  
  21  1:54  Assimilator  
  21  2:04  Probe  
  22  2:09  Assimilator  
  22  2:10  Pylon  
  22  2:17  Probe  
  23  2:32  Probe  
  23  2:36  Cybernetics Core  
  24  2:42  Pylon  
  24  2:44  Probe  
  25  2:52  Photon Cannon, Probe  
  26  3:01  Photon Cannon, Probe  
  26  3:03  Photon Cannon  
  27  3:09  Photon Cannon  
  27  3:25  Probe  
  27  3:26  Stargate  
  28  3:37  Pylon  
  28  3:43  Probe  
  29  3:55  Probe  
  29  3:58  Photon Cannon  
  29  4:00  Stargate, Void Ray  
  33  4:23  Pylon  
  33  4:35  Void Ray  
  33  4:42  Photon Cannon  
  33  4:43  Photon Cannon  
  37  4:51  Void Ray  
  37  4:59  Probe  
  42  5:23  Nexus  
  42  5:26  Void Ray  
  46  5:38  Probe  
  47  5:49  Void Ray  
  51  6:17  Void Ray  
  55  6:20  Photon Cannon  
  55  6:52  Probe  
  56  6:55  Pylon  
  56  6:56  Pylon  
  56  6:57  Void Ray  
  60  7:14  Void Ray  
  60  7:21  Probe x2  
  66  7:23  Assimilator  
  66  7:24  Assimilator  
  66  7:35  Photon Cannon  
  66  7:36  Photon Cannon  
  66  7:41  Void Ray  
  70  8:07  Void Ray  
  70  8:12  Probe  
  75  8:25  Void Ray  
  71  8:32  Probe  
  71  8:33  Probe  
  77  8:37  Pylon  
  77  8:44  Probe  
  78  8:57  Probe x2  
  80  9:08  Void Ray  
  84  9:23  Probe x2  
  86  9:44  Nexus  
  86  9:49  Probe  
  86  9:50  Probe  
  88  9:55  Pylon  
  88  9:57  Pylon  
  88  10:04  Pylon  
  92  10:11  Probe  
  95  10:38  Stargate  
  95  10:40  Stargate  
Show
View Real Time Build Order
Export as new Build Order

DirkDiggler Protoss - Winner!

Build Orders: Oracle Opening 

Get SALT Encoding   

  12  0:02  Probe  
  13  0:14  Probe  
  13  0:18  Pylon  
  14  0:30  Pylon  
  14  0:37  Probe  
  15  0:49  Probe  
  16  0:59  Gateway  
  16  1:04  Probe  
  17  1:05  Assimilator  
  17  1:14  Gateway  
  17  1:16  Probe  
  18  1:22  Assimilator  
  18  1:28  Probe  
  19  1:40  Probe  
  20  1:52  Probe  
  21  1:55  Pylon  
  21  2:04  Probe  
  22  2:12  Pylon  
  22  2:13  Zealot x2  
  26  2:16  Probe  
  27  2:24  Cybernetics Core  
  27  2:33  Probe  
  28  2:46  Probe  
  28  3:02  Stargate  
  28  3:06  Probe  
  29  3:15  Stalker  
  33  3:22  Probe  
  32  3:29  Pylon  
  32  3:35  Pylon  
  32  3:36  Oracle, Probe  
  32  3:37  Warp Gate  
  36  3:52  Probe  
  37  4:04  Probe  
  38  4:11  Oracle  
  38  4:16  Probe  
  42  4:28  Probe  
  43  4:40  Probe  
  43  4:43  Void Ray  
  42  4:57  Pylon  
  38  5:04  Probe  
  39  5:24  Probe  
  40  5:28  Void Ray  
  40  5:33  Nexus  
  44  5:36  Pylon  
  44  5:38  Pylon  
  44  5:39  Probe  
  45  5:50  Zealot  
  47  5:57  Zealot  
  45  6:07  Probe  
  33  6:19  Probe  
  25  6:31  Probe  
  26  6:41  Pylon  
  26  6:43  Probe  
  26  6:44  Pylon  
  27  6:49  Probe  
  28  6:55  Forge, Probe  
  30  7:01  Probe  
  30  7:07  Probe  
  31  7:13  Probe  
  32  7:19  Probe  
  33  7:25  Probe  
  34  7:32  Probe  
  34  7:36  Zealot x2  
  39  7:37  Probe  
  40  7:55  Probe  
  41  9:24  Void Ray  
  41  9:26  Probe  
  41  9:29  Gateway  
  46  9:32  Assimilator, Gateway  
  46  9:33  Assimilator  
  46  9:34  Gateway  
  46  9:36  Gateway  
  46  9:47  Probe  
  47  9:59  Nexus, Probe  
  48  10:11  Probe  
  49  10:23  Probe  
Tags
 
Add a new tag
Caveats
  • Supply blocks, unpowered buildings, or Contaminate may cause inaccurate times.
  • Supply counts are checked every 10 seconds.